 Dungeon Crawl Stone Soup version 0.29-a0-998-g1987434951 (webtiles) character file.

Game seed: 6980569665114181882

49 Anon1729 the Chopper (level 3, -5/33 HPs)
             Began as a Minotaur Monk on Aug 5, 2022.
             Slain by an ogre
             ... wielding a +0 giant club
              (14 damage)
             ... on level 3 of the Dungeon.
             The game lasted 00:01:47 (1183 turns).

Anon1729 the Chopper (Minotaur Monk)                Turns: 1183, Time: 00:01:48

Health: -5/33      AC:  2    Str: 17    XL:     3   Next: 53%
Magic:  2/2        EV: 13    Int:  7    God:
Gold:   117        SH:  0    Dex: 12    Spells: 2/2 levels left

rFire   . . .      SeeInvis .   q - +0 war axe
rCold   . . .      Faith    .   (no shield)
rNeg    . . .      Spirit   .   b - +0 robe
rPois   .          Reflect  .   (helmet restricted)
rElec   .          Harm     .   (no cloak)
rCorr   .          Rampage  .   (no gloves)
Will    .....                   (no boots)
Stlth   +.........              (no amulet)
HPRegen 0.11/turn               (no ring)
MPRegen 0.08/turn               (no ring)

@: confused, ambrosia-drunk
A: horns 2, retaliatory headbutt
a: no special abilities


You were on level 3 of the Dungeon.
You visited 1 branch of the dungeon, and saw 3 of its levels.

You collected 117 gold pieces.

Inventory:

Hand Weapons
 a - a +0 hand axe
 q - a +0 war axe (weapon)
Armour
 b - a +0 robe (worn)
Jewellery
 j - a ring of ice
 k - a +6 ring of intelligence
 o - an amulet of reflection
Scrolls
 e - a scroll of noise {unknown}
 i - a scroll of enchant armour {unknown}
 l - a scroll of poison {unknown}
 m - a scroll of fear {unknown}
 r - a scroll of identify {unknown}
Potions
 d - a potion of resistance {unknown}
 f - 3 potions of flight {unknown}
 g - 2 potions of heal wounds {unknown}
 h - a potion of mutation {unknown}
 n - a potion of curing {unknown}
 p - 2 potions of invisibility {unknown}
 s - a potion of attraction {unknown}


   Skills:
 + Level 4.0 Fighting
 * Level 4.5 Axes
 + Level 1.4 Armour
 + Level 3.7 Dodging
 - Level 1.5 Stealth


You had 2 spell levels left.
You didn't know any spells.
Your spell library was empty.

Dungeon Overview and Level Annotations

Branches:
Dungeon (3/15)

Altars:

Shops:
D:2 !

Annotations:
D:2 Sigmund


Innate Abilities, Weirdness & Mutations

You have a pair of horns on your head.
You reflexively headbutt those who attack you in melee.


Message History

The adder closely misses you. Something hits you. The adder bites you.
You hit the adder but do no damage. The adder misses you.
A magic dart appears from out of thin air!
The magic dart hits you!
You closely miss the adder. Your headbutt misses the adder.
The adder closely misses you. You furiously retaliate!
You headbutt the adder!
You kill the adder!
Something hits you!
* * * LOW HITPOINT WARNING * * *
You are too injured to fight recklessly!
You are too injured to fight recklessly!
You are too injured to fight recklessly!
You are too injured to fight recklessly!
You are too injured to fight recklessly!
You are too injured to fight recklessly!
You are too injured to fight recklessly!
You are too injured to fight recklessly!
You are too injured to fight recklessly!
You are too injured to fight recklessly!
You are too injured to fight recklessly!
You are too injured to fight recklessly!
You are too injured to fight recklessly!
You are too injured to fight recklessly!
You are too injured to fight recklessly!
You are too injured to fight recklessly!
You are too injured to fight recklessly!
You are too injured to fight recklessly!
You are too injured to fight recklessly!
You are too injured to fight recklessly!
You are too injured to fight recklessly!
The dart slug launches a dart at you. The slug dart hits you.
* * * LOW HITPOINT WARNING * * *
There is a stone staircase leading down here.
You climb downwards.
Reactivating autopickup.
There is a stone staircase leading up here.
You are confused.
You feel invigorated. The ogre hits you with a +0 giant club!
You die...

.##.....###.......##..####.......
.##.........#####.##..# #.......
)##.....##### #.##..# #.......
.....)...O.# #.##..# ###...##
#####.####.# #.##..# #...#
#.##.#.# #.##..#### #..##
#.#.#..######.............#
#....................###.#
#.#.......##@.....##.# #.
##.....##..O......##.#
##....######.######.# ##.#.# #.#
#.# #.#.# #.# #.# #.#.# #.# #.#
########.#[# #.# #.# ...........#
#.# #.# .....###.### #.######.#


You could see an ogre.

Vanquished Creatures
  An adder (D:2)
  A bat (D:1)
  4 endoplasms
  2 giant cockroaches (D:1)
  5 goblins
  6 hobgoblins
  4 kobolds
  5 quokkas
  A ball python (D:1)
  3 frilled lizards (D:1)
  3 rats (D:1)
35 creatures vanquished.

Notes
Turn   | Place    | Note
-------+----------+-------------------------------------------
     0 | D:1      | Anon1729 the Minotaur Monk began the quest for the Orb.
     0 | D:1      | Reached XP level 1. HP: 19/19 MP: 0/0
    36 | D:1      | Reached XP level 2. HP: 27/27 MP: 1/1
   136 | D:1      | Reached skill level 1 in Armour
   480 | D:1      | Reached XP level 3. HP: 32/33 MP: 2/2
   699 | D:2      | You fall into a shaft and drop 1 floor!
  1120 | D:3      | Noticed an ogre
  1173 | D:2      | Found Kivar's Distillery.
  1173 | D:2      | Noticed Sigmund
  1183 | D:3      | Slain by an ogre

Illustrated notes

Levels and vault maps discovered:
D:1:      psy_arrival_whirlpool, layout_rooms, chequers_serial_rivers_large_a,
          chequers_serial_rivers_marsh
D:2:      layout_loops_ring, serial_shops, shop_fountains,
          minmay_fractal_squares_gapless_5, uniq_sigmund
D:3:      layout_loops_ring, grunt_decor_junction, uniq_robin

Skill      XL: |  1  2 |
---------------+-------+-----
Axes           | 4 |  4.5
Armour         | 1 |  1.4
Fighting       | 4 |  4.0
Dodging        | |  3.7
Stealth        | |  1.5

Action                   || total
-------------------------++-------
Melee: Hand axe          ||    50
       Headbutt          ||     8
       War axe           ||     2
  Use: Potion            ||     1
 Stab: Sleeping          ||     2
Armor: Robe              ||     8
Dodge: Dodged            ||    47

Table legend: (Time is in decaauts)
 A = Elapsed time spent in this place.
 B = Non-inter-level travel time spent in this place.
 C = Inter-level travel time spent in this place.
 D = Time resting spent in this place.
 E = Time spent auto-exploring this place.
 F = Levels seen in this place.
 G = Mean time per level.
                   A        B        C        D        E       F      G
               +--------+--------+--------+--------+--------+-----+--------+
         Total |   1206 |   1154 |     52 |      0 |    918 |   3 |  402.0 |
       Dungeon |   1206 |   1154 |     52 |      0 |    918 |   3 |  402.0 |
               +--------+--------+--------+--------+--------+-----+--------+

Top non-repeatable levels by time:
     D:1: 710 daAuts
     D:3: 475 daAuts
     D:2: 20 daAuts
